 Dungeon Crawl Stone Soup version 0.19-a0-1251-gd6e46da (webtiles) character file.

128 PurpleRed the Conjurer (level 4, -1/24 HPs)
             Began as a Deep Elf Conjurer on Aug 27, 2016.
             Killed by nerve-wracking pain
             ... invoked by an orc priest
              (3 damage)
             ... on level 3 of the Dungeon.
             The game lasted 00:05:48 (587 turns).

PurpleRed the Conjurer (Deep Elf Conjurer)           Turns: 587, Time: 00:05:48

Health: -1/24      AC:  5    Str:  5    XL:     4   Next: 87%
Magic:  0/12       EV: 13    Int: 21    God:
Gold:   82         SH:  0    Dex: 15    Spells: 2 memorised, 9 levels left

rFire  . . .     SeeInvis .     n - +0 flail (drain)
rCold  . . .     Gourm    .     a - +0 robe
rNeg   . . .     Faith    .     (no shield)
rPois  .         Spirit   .     (no helmet)
rElec  .         Dismiss  .     (no cloak)
rCorr  .         Reflect  .     (no gloves)
MR     .....     Harm     .     (no boots)
Stlth  ++........               (no amulet)
                                (no ring)
                                k - +3 ring of protection

@: no status effects
A: no striking features
a: no special abilities


You were on level 3 of the Dungeon.
You were not hungry.

You visited 1 branch of the dungeon, and saw 3 of its levels.

You collected 82 gold pieces.

Inventory:

Hand Weapons
 e - a +0 spear
 n - a +0 flail of draining (weapon)
Missiles
 l - 5 tomahawks of returning (quivered)
Armour
 a - a +0 robe (worn)
Jewellery
 k - a +3 ring of protection (left hand)
Wands
 o - a wand of hasting (2/9)
Scrolls
 d - 2 scrolls of identify {unknown}
 h - a scroll of random uselessness {unknown}
 j - a scroll of noise {unknown}
 m - a scroll of amnesia {unknown}
Potions
 f - a potion of haste {unknown}
 g - a potion of flight {unknown}
 i - a potion of lignification {unknown}
Books
 b - a book of Conjurations

   Spells                             Type                      Level
   a - Magic Dart                     Conjuration                  1
   b - Searing Ray                    Conjuration                  2
   c - Dazzling Spray                 Conjuration/Hexes            3
   d - Fulminant Prism                Conjuration/Hexes            4
   e - Iskenderun's Mystic Blast      Conjuration                  4
   f - Iskenderun's Battlesphere      Conjuration/Charms           5
Comestibles
 c - a bread ration


   Skills:
 - Level 2.4 Dodging
 - Level 2.4 Stealth
 + Level 4.6 Spellcasting
 * Level 6.1 Conjurations


You had 9 spell levels left.
You knew the following spells:

 Your Spells              Type           Power        Failure   Level  Hunger
a - Magic Dart            Conj           ####         1%          1    None
b - Searing Ray           Conj           ####..       1%          2    #......


Dungeon Overview and Level Annotations

Branches:
Dungeon (3/15)

Altars:


Message History

Wield which item (- for none, * to show all)? (? for menu, Esc to quit)
You sense an unholy aura.
n - a +0 flail of draining (weapon)
The orc priest closely misses you.
You closely miss the orc priest.
The orc priest is almost dead.
The orc priest hits you with a mace.
* * * LOW HITPOINT WARNING * * *
An adder comes into view.
The orc priest miscasts a cantrip.
Casting: Magic Dart
Confirm with . or Enter, or press ? or * to list all spells.
Aiming: Magic Dart
Press: ? - help, Shift-Dir - straight line, f/p - orc priest
Aim: an orc priest, wielding a mace and wearing a chain mail (almost dead)
The magic dart hits the orc priest.
The orc priest is almost dead.
The orc priest mumbles some strange prayers to Beogh against you.
Pain shoots through your body!
You die...

###################
#.................#
##..###...........###
##.# ##............##
#.####......<.......
#.).##[.(.......#.##
###.##..........# .
#.##..@÷......#
####†###..########
#....)So.##
.....###.#### .##.
#.# .. #.# .. ... .
.o. # .....


You could see an orc priest and an adder.

Vanquished Creatures
  An orc wizard (D:3)
  Ijyb (D:2)
  A gnoll (D:1)
  3 adders
  2 giant geckos
  7 orcs (D:3)
  2 giant cockroaches
  2 goblins
  3 hobgoblins
  A quokka (D:3)
  5 bats
  2 giant newts (D:2)
  2 rats (D:2)
32 creatures vanquished.

Notes
Turn   | Place    | Note
-------+----------+-------------------------------------------
     0 | D:1      | PurpleRed the Deep Elf Conjurer began the quest for the Orb.
     0 | D:1      | Reached XP level 1. HP: 10/10 MP: 6/6
   107 | D:1      | Reached XP level 2. HP: 4/15 MP: 0/8
   182 | D:2      | Learned a level 2 spell: Searing Ray
   190 | D:2      | Reached skill level 5 in Conjurations
   223 | D:1      | Reached XP level 3. HP: 13/19 MP: 3/10
   306 | D:2      | Noticed Ijyb
   312 | D:2      | Killed Ijyb
   419 | D:3      | Reached XP level 4. HP: 19/24 MP: 7/12
   472 | D:3      | Reached skill level 6 in Conjurations
   587 | D:3      | Killed from afar by an orc priest

Vault maps used:
D:1:      lemuel_arrival_room
D:2:      kennysheep_generic_room_6, uniq_iyjb
D:3:      gup_sewer_entry_spiral, first_bread

Skill      XL: |  1  2  3  4 |
---------------+-------------+-----
Conjurations   | 5 6 |  6.1
Spellcasting   | 4 |  4.6
Dodging        | |  2.4
Stealth        | |  2.4

Action                   |  1- 3 |  4- 6 || total
-------------------------+-------+-------++-------
Melee: Spear             |    28 |     2 ||    30
       Flail             |       |     1 ||     1
 Cast: Magic Dart        |    30 |    12 ||    42
       Searing Ray       |     3 |     4 ||     7
 Stab: Sleeping          |     2 |       ||     2
Armor: Robe              |    11 |     2 ||    13
Dodge: Dodged            |    30 |     4 ||    34
